 Dungeon Crawl Stone Soup version 0.22-a0-247-gbddf880 (webtiles) character file.

114 MatthieuS the Gusty (level 4, -3/25 HPs)
             Began as a Tengu Air Elementalist on Feb 27, 2018.
             Slain by a gnoll sergeant
             ... wielding a +6 spear of freezing
              (11 damage)
             ... on level 2 of the Dungeon.
             The game lasted 00:06:36 (2244 turns).

MatthieuS the Gusty (Tengu Air Elementalist)        Turns: 2244, Time: 00:06:37

Health: -3/25      AC:  2    Str: 11    XL:     4   Next: 97%
Magic:  9/9        EV: 13    Int: 16    God:
Gold:   78         SH:  0    Dex: 14    Spells: 6/9 levels left

rFire    . . .     SeeInvis .   a - +0 quarterstaff
rCold    . . .     Gourm    .   (shield currently unavailable)
rNeg     . . .     Faith    .   n - +0 robe
rPois    .         Spirit   .   (helmet restricted)
rElec    .         Reflect  .   (no cloak)
rCorr    .         Harm     .   (no gloves)
MR       .....                  (boots unavailable)
Stlth    ++........             (no amulet)
HPRegen  0.08/turn              f - +2 ring of strength
MPRegen  0.11/turn              (no ring)

@: no status effects
A: beak, talons 3
a: no special abilities


You were on level 2 of the Dungeon.
You were not hungry.

You visited 1 branch of the dungeon, and saw 2 of its levels.

You collected 78 gold pieces.

Inventory:

Hand Weapons
 a - a +0 quarterstaff (weapon)
Armour
 n - a +0 robe (worn)
Jewellery
 f - a +2 ring of strength (left hand)
Scrolls
 e - a scroll of random uselessness {unknown}
 g - a scroll of teleportation {unknown}
 l - 2 scrolls of identify {unknown}
 m - a scroll of magic mapping {unknown}
Potions
 c - a potion of lignification {unknown}
 h - a potion of heal wounds {unknown}
 i - a potion of degeneration {unknown}
 j - a potion of mutation {unknown}
 k - a potion of curing {unknown}
Comestibles
 b - 4 rations
 d - 4 chunks of flesh


   Skills:
 + Level 1.5 Fighting
 + Level 0.2 Staves
 + Level 3.0 Dodging
 - Level 2.0 Stealth
 * Level 3.0 Spellcasting
 + Level 2.8 Conjurations
 + Level 4.5 Air Magic


You had 6 spell levels left.
You knew the following spells:

 Your Spells              Type           Power        Failure   Level  Hunger
a - Shock                 Conj/Air       ##..         4%          1    #......
b - Swiftness             Chrm/Air       #.......     11%         2    ##.....


Dungeon Overview and Level Annotations

Branches:
Dungeon (2/15)

Altars:
Ashenzari

Annotations:
D:2 2 transporters


Innate Abilities, Weirdness & Mutations

You have a beak for a mouth.
You have claws for feet.


Message History

The gnoll sergeant hits you from afar with a spear of freezing!
The gnoll sergeant freezes you.
Casting: Shock (safe; 4% risk of failure)
Confirm with . or Enter, or press ? or * to list all spells.
Aiming: Shock (safe; 4% risk of failure)
Press: ? - help, Shift-Dir - straight line The zap hits the gnoll sergeant.
The gnoll sergeant is lightly wounded.
The zap hits the gnoll sergeant.
The gnoll sergeant is moderately wounded.
The gnoll sergeant hits you from afar with a spear of freezing.
* * * LOW HITPOINT WARNING * * *
The gnoll sergeant freezes you.
* * * LOW HITPOINT WARNING * * *
Casting: Shock (safe; 4% risk of failure)
Confirm with . or Enter, or press ? or * to list all spells.
You can't see any susceptible monsters within range! (Use Z to cast anyway.)
There is an escape hatch in the ceiling here.
The gnoll sergeant hits you from afar with a spear of freezing!
You die...

......# ##.###..## #...........#
##.#### #......... ###.......###
#.# ##.#.##.## #.......# #.##
#.#.##..#####.......# #..#
#.#.###.#...........# ##.##
#.....#.#...........#
##...########.#.#g.....#.####.#
..(©.............#.....#.# #.#
########........@#g....#.# #.#
8$$_.$8##........##.####.# #.#
.(%$[?..#........##.####.####.#
.#...#..#........#.........##.###
#.....#.#........#.#.###.#.......
........#........#.#..##.#g##.###
#.....#g#........#.##.##.#.......
.#.©.#aS#........#. #.##.#.##....
(.....gh#........#.##.##.#......#


You could see a gnoll sergeant.

Vanquished Creatures
  Natasha (D:1)
  2 gnolls (D:2)
  An adder (D:2)
  2 worms
  4 dart slugs
  2 leopard geckos (D:1)
  2 giant cockroaches (D:1)
  6 hobgoblins
  6 jackals
  A quokka (D:2)
  2 bats (D:1)
  3 frilled lizards
  6 goblins (D:1)
  2 kobolds (D:1)
  7 rats
47 creatures vanquished.

Notes
Turn   | Place    | Note
-------+----------+-------------------------------------------
     0 | D:1      | MatthieuS the Tengu Air Elementalist began the quest for the Orb.
     0 | D:1      | Reached XP level 1. HP: 10/10 MP: 4/4
   180 | D:1      | Reached XP level 2. HP: 16/16 MP: 0/6
   420 | D:1      | Learned a level 2 spell: Swiftness
   505 | D:1      | Reached skill level 1 in Fighting
   505 | D:1      | Reached XP level 3. HP: 20/20 MP: 5/7
   995 | D:2      | Noticed Natasha
  1341 | D:1      | Killed Natasha
  1341 | D:1      | Reached XP level 4. HP: 14/25 MP: 1/9
  2058 | D:2      | Found a shattered altar of Ashenzari.
  2080 | D:2      | Found a transporter.
  2088 | D:2      | Found a transporter.
  2129 | D:2      | Noticed a gnoll sergeant
  2244 | D:2      | Slain by a gnoll sergeant

Vault maps used:
D:1:      dpeg_arrival_castle
D:2:      gammafunk_temple_overflow_arena, minitemple, uniq_natasha

Skill      XL: |  1  2  3  4 |
---------------+-------------+-----
Fighting       | 1 |  1.5
Conjurations   | 2 |  2.8
Dodging        | 3 |  3.0
Spellcasting   | 3 |  3.0
Staves         | |  0.2
Stealth        | |  2.0
Air Magic      | |  4.5

Action                   |  1- 3 |  4- 6 || total
-------------------------+-------+-------++-------
Melee: Unarmed           |     4 |       ||     4
       Kick              |     1 |     7 ||     8
       Peck              |     2 |     1 ||     3
       Dagger            |     3 |    18 ||    21
 Cast: Shock             |    71 |    52 ||   123
  Eat: Chunk             |     2 |     3 ||     5
Armor: Robe              |     4 |     3 ||     7
Dodge: Dodged            |    20 |    25 ||    45

Table legend:
 A = Spawn XP
 B = Non-spawn XP
 C = Spawn XP percentage of total XP
 D = Spawn monster count
 E = Non-spawn monster count
 F = Spawn count percentage of total count
 G = Total turns spent on level
                    A         B        C        D         E        F      G
               +---------+---------+-------+---------+---------+-------+---------
         Total |       0 |     163 |   0.0 |       0 |      47 |   0.0 |  2244
               +---------+---------+-------+---------+---------+-------+---------
           D:1 |       0 |      95 |   0.0 |       0 |      33 |   0.0 |  1471
           D:2 |       0 |      68 |   0.0 |       0 |      14 |   0.0 |   773
               +---------+---------+-------+---------+---------+-------+---------
